 Dungeon Crawl Stone Soup version 0.24.0-13-gcf9b319 (webtiles) character file.

Game seed: 10105906250827631146, levelgen mode: deterministic

2521 AlmostDecent the Cleaver (level 9, -2/68 HPs)
             Began as a Demonspawn Fighter on Nov 11, 2019.
             Was a Follower of Okawaru.
             Slain by a troll (10 damage)
             ... on level 7 of the Dungeon on Nov 12, 2019.
             The game lasted 00:17:00 (5626 turns).

AlmostDecent the Cleaver (Demonspawn Fighter)       Turns: 5626, Time: 00:17:01

Health: -2/68      AC: 22    Str: 20    XL:     9   Next: 29%
Magic:  17/18      EV:  9    Int:  9    God:    Okawaru [*.....]
Gold:   417        SH: 12    Dex: 13    Spells: 7/8 levels left

rFire    . . .     SeeInvis .   a - +0 war axe
rCold    . . .     Gourm    .   c - +0 shield
rNeg     . . .     Faith    .   D - +0 plate armour
rPois    .         Spirit   .   (no helmet)
rElec    .         Reflect  .   (no cloak)
rCorr    .         Harm     .   (no gloves)
MR       .....                  v - +0 pair of boots
Stlth    ..........             (no amulet)
HPRegen  0.21/turn              j - ring of wizardry
MPRegen  0.16/turn              x - ring of magical power

@: heroism
A: hooves 1, iridescent scales 3, spiny 1
a: Heroism, Renounce Religion


You were on level 7 of the Dungeon.
You worshipped Okawaru.
Okawaru was aware of your devotion.
You were not hungry.

You visited 1 branch of the dungeon, and saw 7 of its levels.

You collected 417 gold pieces.

Inventory:

Hand Weapons
 a - a +0 war axe (weapon)
 k - a +1 mace of pain
 y - a +2 trident of protection
 A - a +3 mace
Armour
 c - a +0 shield (worn)
 v - a +0 pair of boots (worn)
 D - a +0 plate armour (worn)
Jewellery
 j - a ring of wizardry (left hand)
 x - a ring of magical power (right hand)
Wands
 b - a wand of polymorph (4)
 d - a wand of iceblast (7)
Scrolls
 e - 5 scrolls of identify {unknown}
 h - 4 scrolls of blinking {unknown}
 l - 4 scrolls of remove curse {unknown}
 n - 2 scrolls of immolation {unknown}
 o - 2 scrolls of enchant weapon {unknown}
 p - a scroll of magic mapping {unknown}
 r - a scroll of amnesia {unknown}
 s - 2 scrolls of noise {unknown}
 u - a scroll of enchant armour {unknown}
Potions
 g - 3 potions of lignification {unknown}
 i - a potion of brilliance {unknown}
 m - 2 potions of magic {unknown}
 q - 3 potions of degeneration {unknown}
 t - a potion of invisibility {unknown}
 w - a potion of curing
 z - 2 potions of mutation {unknown}
 B - a potion of flight {unknown}
Comestibles
 f - 9 rations
 C - 2 chunks of flesh


   Skills:
 + Level 5.1(10.1) Fighting
 + Level 8.2(13.2) Axes
 + Level 5.5(10.5) Armour
 + Level 2.4(7.4) Dodging
 + Level 0.4(5.4) Stealth
 + Level 5.3(10.3) Shields
 + Level 1.2 Invocations


You had 7 spell levels left.
You knew the following spells:

 Your Spells              Type           Power        Failure   Level  Hunger
a - Animate Skeleton      Necr           N/A          99%         1    ##.....

Your spell library contained the following spells:

 Spells                   Type           Power        Failure   Level  Hunger
 Magic Dart               Conj           #...         99%         1    ##.....
 Pain                     Necr           #...         99%         1    ##.....
 Blink                    Tloc           N/A          99%         2    ###....
 Call Imp                 Summ           #.......     99%         2    ###....
 Slow                     Hex            #.......     99%         2    ###....
 Conjure Flame            Conj/Fire      #.......     100%        3    ####...
 Mephitic Cloud           Conj/Pois/Air  #.......     100%        3    ####...
 Regeneration             Chrm/Necr      #.........   100%        3    ####...
 Vampiric Draining        Necr           #.........   100%        3    ####...
 Animate Dead             Necr           N/A          100%        4    #####..


Dungeon Overview and Level Annotations

Branches:
Dungeon (7/15)             Temple (0/1) D:6

Altars:
Ashenzari
Elyvilon
Gozag
Kikubaaqudgha
Nemelex Xobeh
Okawaru
Ru
Vehumet
Wu Jian
Yredelemnul
The Shining One


Innate Abilities, Weirdness & Mutations

You have large cloven feet.
You are completely covered in iridescent scales. (AC +6)
You are partially covered in sharp spines.


Message History

The manticore is heavily wounded.
Your shield and plate armour prevent you from hitting the hippogriff.
You completely miss the troll.
The manticore bites you but does no damage.
You block the manticore's attack. x2; The troll is struck by your spines.
The troll closely misses you. The troll claws you but does no damage.
You block the troll's attack.
You slash the manticore!
The manticore is severely wounded.
You closely miss the hippogriff. You slash the jelly!
Your hands burn!
You hit the troll.
You carefully extract the barbed spikes from your body.
You block the hippogriff's attack. x3; The manticore bites you!
* * * LOW HITPOINT WARNING * * *
The manticore claws you.
* * * LOW HITPOINT WARNING * * *
The manticore claws you but does no damage.
The troll is struck by your spines. The troll bites you but does no damage.
You block the troll's attack. The troll claws you!
You die...

.. ...## .# ...
..#####..###.####
...)
................
...# #.....)...#
#..# #.........# #
#..##..รท<)....#
...##.......#####...
............# ##
...^..T@....#
......HHJ...#
.......h.......
.............##
.....5.......#
.............#
..............#
...#......#....


You could see a manticore, a hippogriff, a troll, a black bear, a jelly and a
crimson imp.

Vanquished Creatures
  Pikel (D:6)
  Eustachio (D:5)
  Edmund (D:6)
  3 ogres
  2 centaurs (D:5)
  2 bullfrogs (D:6)
  2 scorpions
  7 wights
  A bullfrog zombie (D:6)
  3 crimson imps
  7 hounds
  4 orc priests
  4 orc wizards (D:5)
  2 bullfrog skeletons (D:5)
  2 iguanas
  A worker ant (D:5)
  A hound zombie (D:5)
  A hound skeleton (D:5)
  A worker ant zombie (D:5)
  3 gnolls (D:3)
  7 adders
  A worm (D:3)
  2 dart slugs
  4 leopard geckos
  22 orcs
  9 giant cockroaches
  9 hobgoblins
  3 jackals (D:4)
  3 quokkas
  A ball python (D:3)
  16 bats
  5 frilled lizards
  5 goblins
  3 goblin skeletons (D:4)
  2 hobgoblin zombies (D:4)
  6 kobolds
  A kobold skeleton (D:4)
  A leopard gecko skeleton (D:5)
  An orc skeleton (D:4)
  2 orc zombies (D:4)
  A quokka skeleton (D:4)
  4 rats
  3 fungi (D:6)
160 creatures vanquished.

Vanquished Creatures (others)
  A slave (D:6)
  4 toadstools (D:6)
5 creatures vanquished.

Grand Total: 165 creatures vanquished

Notes
Turn   | Place    | Note
-------+----------+-------------------------------------------
     0 | D:1      | AlmostDecent the Demonspawn Fighter began the quest for the
                  | Orb.
     0 | D:1      | Reached XP level 1. HP: 18/18 MP: 1/1
    76 | D:1      | Gained mutation: You are partially covered in sharp spines.
                  | [demonic ancestry]
    76 | D:1      | Reached XP level 2. HP: 20/24 MP: 2/2
    80 | D:1      | Reached skill level 2 in Axes
   195 | D:1      | You fall into a shaft and drop 1 floor!
   195 | D:2      | Found a shattered altar of Ashenzari.
   272 | D:2      | Gained mutation: You are partially covered in iridescent
                  | scales. (AC +2) [demonic ancestry]
   272 | D:2      | Reached XP level 3. HP: 29/29 MP: 3/3
  1321 | D:2      | Reached XP level 4. HP: 34/35 MP: 4/4
  1731 | D:3      | Reached skill level 3 in Axes
  1803 | D:3      | Gained mutation: You are mostly covered in iridescent
                  | scales. (AC +4) [demonic ancestry]
  1803 | D:3      | Reached XP level 5. HP: 33/41 MP: 5/5
  2393 | D:4      | Reached skill level 1 in Dodging
  2569 | D:4      | Gained mutation: You are completely covered in iridescent
                  | scales. (AC +6) [demonic ancestry]
  2569 | D:4      | Reached XP level 6. HP: 35/48 MP: 6/6
  2693 | D:4      | Found a glowing golden altar of the Shining One.
  2715 | D:4      | Reached skill level 4 in Axes
  2794 | D:4      | Found a white marble altar of Elyvilon.
  3121 | D:4      | Found a basalt altar of Yredelemnul.
  3204 | D:5      | Entered Level 5 of the Dungeon
  3377 | D:5      | Reached skill level 5 in Axes
  3489 | D:5      | Gained mutation: You have large cloven feet. [demonic
                  | ancestry]
  3489 | D:5      | Reached XP level 7. HP: 53/53 MP: 7/7
  3556 | D:5      | Reached skill level 6 in Axes
  3735 | D:5      | Noticed Eustachio
  3764 | D:5      | Killed Eustachio
  3764 | D:5      | Reached XP level 8. HP: 42/60 MP: 8/8
  3906 | D:5      | Found an opulent altar of Gozag.
  3916 | D:5      | Found an ornate altar of the Wu Jian Council.
  3943 | D:5      | Found a radiant altar of Vehumet.
  3943 | D:5      | Found an ancient bone altar of Kikubaaqudgha.
  3944 | D:5      | Found an iron altar of Okawaru.
  3952 | D:5      | Became a worshipper of Warmaster Okawaru
  4452 | D:6      | Reached skill level 7 in Axes
  4539 | D:6      | Noticed Pikel
  4559 | D:6      | Killed Pikel
  4559 | D:6      | Reached skill level 5 in Shields
  4647 | D:6      | Reached * piety under Okawaru
  4734 | D:6      | Reached skill level 5 in Armour
  4734 | D:6      | Reached XP level 9. HP: 47/67 MP: 9/9
  4736 | D:6      | Reached skill level 8 in Axes
  5259 | D:6      | Noticed Edmund
  5266 | D:6      | Killed Edmund
  5323 | D:6      | Found a staircase to the Ecumenical Temple.
  5346 | D:6      | Learned a level 1 spell: Animate Skeleton
  5438 | D:6      | Reached skill level 5 in Fighting
  5451 | D:6      | Found a sparkling altar of Nemelex Xobeh.
  5451 | D:6      | Found a sacrificial altar of Ru.
  5601 | D:7      | Reached skill level 1 in Invocations
  5615 | D:7      | Noticed a manticore
  5617 | D:7      | Noticed a troll
  5626 | D:7      | Slain by a troll

Levels and vault maps discovered:
D:1:      onia_arrival_pyramid, layout_loops_ring, due_unseen_surprise
D:2:      layout_loops_corners, evilmike_ruin_ashenzari
D:3:      layout_loops_ring, first_ration, grunt_ministairs_1
D:4:      layout_cave_pools, kennysheep_ying_yang, nicolae_tso_besieged_by_evil,
          minmay_between
D:5:      cheibrodos_barr_body, layout_basic, grunt_temple_overflow_open,
          uniq_eustachio
D:6:      layout_basic, gammafunk_temple_overflow_wave,
          minmay_temple_entry_offerings, minmay_gold_behind_fungi, uniq_edmund,
          uniq_pikel
D:7:      layout_rooms, serial_shops, shop, grunt_ministairs_8,
          uniq_prince_ribbit1

Skill      XL: |  1  2  3  4  5  6  7  8  9 |
---------------+----------------------------+-----
Axes           | 2 3 5 6 7 8 |  8.2
Armour         | 3 4 5 |  5.5
Shields        | 3 4 5 |  5.3
Dodging        | 1 2 |  2.4
Fighting       | 4 5 |  5.1
Invocations    | 1 |  1.2
Stealth        | |  0.4

Action                   |  1- 3 |  4- 6 |  7- 9 || total
-------------------------+-------+-------+-------++-------
Melee: War axe           |   117 |   132 |   214 ||   463
Invok: Heroism           |       |       |     3 ||     3
  Use: Potion            |       |     1 |     1 ||     2
  Eat: Chunk             |     2 |     7 |     7 ||    16
Armor: Scale mail        |    68 |    57 |    56 ||   181
       Chain mail        |       |       |    27 ||    27
       Skin              |       |       |     6 ||     6
       Plate armour      |       |       |    17 ||    17
Dodge: Dodged            |    41 |    40 |    45 ||   126
Block: Shield            |    53 |    74 |   109 ||   236
